 Dungeon Crawl Stone Soup version 0.30-a0-748-ge6a52f7cba (webtiles) character file.

Game seed: 1730283733960410873

102819 mopl the Basher (level 15, -4/118 HPs)
             Began as a Demonspawn Fighter on Feb 7, 2023.
             Was a High Priest of Okawaru.
             Killed from afar by a deep elf zephyrmancer (17 damage)
             ... with a bolt of lightning
             ... on level 1 of the Elven Halls on Feb 8, 2023.
             The game lasted 00:39:29 (23750 turns).

mopl the Basher (Demonspawn Fighter)               Turns: 23750, Time: 00:39:29

Health: -4/118     AC: 28    Str: 24    XL:     15   Next: 87%
Magic:  33/33      EV:  7    Int:  9    God:    Okawaru [*****.]
Gold:   1632       SH: 15    Dex: 13    Spells: 12/14 levels left

rFire   + . .      SeeInvis +    a - +6 eveningstar of Qeoref {heavy, rCorr}
rCold   + + .      Faith    .    o - +0 tower shield {rC+}
rNeg    + . .      Spirit   .    T - +0 crystal plate armour of the Endless Expanse {+Inv Slay+6}
rPois   .          Reflect  .    (helmet unavailable)
rElec   .          Harm     .    n - scarf {shadows}
rCorr   +          Rampage  .    K - +0 pair of gloves of the Eleven Curses {rF+ rC+ rN+}
Will    ++...                    (no boots) Stlth
                                 J - amulet "Qeamonk" {RegenMP Will+}
HPRegen 0.39/turn                j - ring of magical power
MPRegen 0.63/turn                V - ring of Elyvilon's Hope {Fly rCorr Slay+3}

@: heroic, flying
A: antennae 3, sharp scales 3, demonic magic 1
a: Renounce Religion, Evoke Invisibility, Heroism, Finesse, Duel


You were on level 1 of the Elven Halls.
You worshipped Okawaru.
Okawaru was extremely pleased with you.
You visited 4 branches of the dungeon, and saw 23 of its levels.
You also visited: Ice Cave.

You collected 2752 gold pieces.
You spent 1120 gold pieces at shops.

Inventory:

Hand Weapons
 a - the +6 eveningstar of Qeoref (weapon) {heavy, rCorr}
   (You acquired it on level 5 of the Lair of Beasts)

   rCorr:     It protects you from acid and corrosion.
 L - a +1 scimitar of flaming
Missiles
 b - 27 poisoned darts (quivered)
 m - 3 boomerangs of dispersal
 t - 28 boomerangs
 w - a curare-tipped dart
 O - 8 javelins
 Y - 3 throwing nets
Armour
 n - a scarf of shadows (worn)
 o - a +0 tower shield of cold resistance (worn)
 K - the +0 pair of gloves of the Eleven Curses (worn) {rF+ rC+ rN+}
   (You bought it in a shop on level 2 of the Dungeon)

   rF:        It protects you from fire.
   rC:        It protects you from cold.
   rN:        It protects you from negative energy.
 T - the +0 crystal plate armour of the Endless Expanse (worn) {+Inv Slay+6}
   (Okawaru gifted it to you on level 5 of the Lair of Beasts)

   Slay:      It affects your accuracy & damage with ranged weapons and melee
   (+6).
   +Inv:      It lets you turn invisible.
Jewellery
 j - a ring of magical power (left hand)
 J - the amulet "Qeamonk" (around neck) {RegenMP Will+}
   (You found it in an ice cave)

   [amulet of magic regeneration]

   It increases your rate of magic regeneration.
   Will:      It increases your willpower.
 V - the ring of Elyvilon's Hope (right hand) {Fly rCorr Slay+3}
   (You acquired it on level 13 of the Dungeon)

   [ring of resist corrosion]

   Slay:      It affects your accuracy & damage with ranged weapons and melee
   (+3).
   Fly:       It grants you flight.
   rCorr:     It protects you from acid and corrosion.
Wands
 c - a wand of acid (6)
 q - a wand of digging (12)
 s - a wand of polymorph (5)
 y - a wand of paralysis (11)
 C - a wand of flame (60)
 Q - a wand of roots (8)
 X - a wand of mindburst (12)
Scrolls
 e - 4 scrolls of poison
 g - 16 scrolls of teleportation
 i - 3 scrolls of blinking
 k - 5 scrolls of silence {!r}
 x - 5 scrolls of fog
 F - 2 scrolls of vulnerability
 H - 4 scrolls of immolation
 N - 4 scrolls of magic mapping
 P - 3 scrolls of fear
 S - 2 scrolls of torment {!r}
Potions
 d - 5 potions of might
 h - 13 potions of curing
 l - 2 potions of cancellation
 r - 7 potions of heal wounds
 u - a potion of resistance
 v - 3 potions of ambrosia
 z - a potion of magic
 B - 2 potions of berserk rage {!q}
 D - 4 potions of lignification {!q}
 E - a potion of flight
 I - 4 potions of haste
 R - 2 potions of invisibility
Miscellaneous
 G - a condenser vane
 W - a tin of tremorstones (2/2)


   Skills:
 + Level 11.0(16.0) Fighting
 * Level 13.9(18.9) Maces & Flails
 + Level 9.5(14.5) Throwing
 + Level 10.2(15.2) Armour
 + Level 9.7(14.7) Dodging
 + Level 3.1(8.1) Shields
 + Level 0.9 Transmutations
 + Level 13.1 Invocations
 + Level 9.8 Evocations


You had 12 spell levels left.
You knew the following spells:

 Your Spells              Type           Power      Damage    Failure   Level
w - Wereblood             Tmut           1%         N/A       100%        2

Your spell library contained the following spells:

 Spells                   Type           Power      Damage    Failure   Level
 Foxfire                  Conj/Fire      0%         2x1d4     100%        1
 Freeze                   Ice            0%         1d3       100%        1
 Magic Dart               Conj           0%         1d3       100%        1
 Necrotise                Necr           0%         1d4       100%        1
 Sting                    Tmut/Pois      0%         1d3       100%        1
 Ensorcelled Hibernation  Hex/Ice        0%         N/A       100%        2
 Poisonous Vapours        Pois/Air       0%         N/A       100%        2
 Searing Ray              Conj           0%         2d4       100%        2
 Sublimation of Blood     Necr           0%         N/A       100%        2
 Frozen Ramparts          Ice            0%         1d1       100%        3
 Hailstorm                Conj/Ice       0%         3d3       100%        3
 Spider Form              Tmut/Pois      0%         N/A       100%        3
 Vampiric Draining        Necr           0%         2d6       100%        3
 Anguish                  Hex/Necr       0%         N/A       100%        4
 Fulminant Prism          Conj/Hex       0%         3d5       100%        4
 Olgreb's Toxic Radiance  Pois           0%         N/A       100%        4
 Agony                    Necr           0%         N/A       100%        5
 Fireball                 Conj/Fire      0%         3d3       100%        5
 Starburst                Conj/Fire      0%         6d3       100%        6
 Summon Hydra             Summ           Unusable   N/A       N/A         7

Dungeon Overview and Level Annotations

Branches:
Dungeon (15/15)            Temple (0/1) D:4            Lair (5/5) D:9
 Shoals (0/4) Lair:3       Spider (0/4) Lair:2        Slime (0/5) Lair:4
    Orc (2/2) D:11            Elf (1/3) Orc:2        Vaults (0/5) D:13
 Depths (0/4) D:15          IceCv (visited)

Altars:
Ashenzari
Fedhas
Hepliaklqana
Kikubaaqudgha
Nemelex Xobeh
Okawaru
Qazlal
Vehumet
Xom
Yredelemnul
Jiyva

Shops:
D:1 (   D:2 [   D:8 ?   Orc:1 !   Orc:2 *!?[?

Portals:
Trove: D:12 (give 7 scrolls of fog)

Annotations:
D:11 5 transporters
Lair:4 1 runed translucent door, Qaykhlob's ghost, journeyman FoFi


Innate Abilities, Weirdness & Mutations

You have a pair of large antennae on your head. (SInv)
You are completely covered in razor-sharp scales. (AC +3, Slay +3)
Spells you cast may paralyse adjacent enemies.


Message History

You impale the fire elemental!!
The fire elemental is severely damaged.
You block the fire elemental's attack.
The deep elf zephyrmancer hits you but does no damage.
You closely miss the fire elemental.
The fire elemental is severely damaged.
You block the fire elemental's attack.
The deep elf zephyrmancer hits you but does no damage.
The fire elemental hits you.
You hammer the fire elemental like a gong!!!
You destroy the fire elemental!
Okawaru accepts your kill.
A deep elf zephyrmancer comes into view.
It is wielding a +0 dagger.
The deep elf zephyrmancer gestures at you while chanting.
The bolt of lightning hits you! x2
You block the deep elf zephyrmancer's attack.
You hear a shout!
You impale the deep elf zephyrmancer!!
The deep elf zephyrmancer is heavily wounded.
You block the deep elf zephyrmancer's attack.
You closely miss the deep elf zephyrmancer.
The deep elf zephyrmancer is heavily wounded.
The deep elf zephyrmancer casts a spell.
The deep elf zephyrmancer blinks!
The deep elf zephyrmancer gestures at you while chanting.
The bolt of lightning hits you!!
* * * LOW HITPOINT WARNING * * *
The deep elf zephyrmancer hits you but does no damage.
You puncture the deep elf zephyrmancer!
The deep elf zephyrmancer is almost dead.
The deep elf zephyrmancer hits you but does no damage.
You block the deep elf zephyrmancer's attack.
You beat the deep elf zephyrmancer like a drum!!!
You kill the deep elf zephyrmancer!
Okawaru accepts your kill.
The deep elf zephyrmancer gestures at you while chanting.
The bolt of lightning hits you!!
* * * LOW HITPOINT WARNING * * *
The bolt of lightning hits you!
You die...

#..#..#...............'.
#..#..#...............#.
#..#..#...............#.
#..#..'...#########...#.
#..'..#...#.. #...#.
#..#..#...#.. #...##
#+##..####...#... #.....
..............+... #.....
.).......)e@).#########.....
..........................##
##+##..##)#...............#.
#..{#..#..#...............#.
#. [#.°#..#...###.#.###...#.
..#.○#..#...# #...'.#...#.
..+ #..#...# #...###...#.
#..+...# #.8.# #..)'. #...#
#...# #...#.


You could see a deep elf zephyrmancer.

Vanquished Creatures
  An azure jelly (IceCv)
  2 quicksilver oozes (IceCv)
  Nessos (D:12)
  A dire elephant (Lair:5)
  Snorg (Lair:4)
  Josephine (D:12)
  2 ice dragons (D:15)
  A merfolk avatar (Lair:5)
  4 hydras
  3 centaur warriors
  A catoblepas (Lair:5)
  Erica (D:8)
  5 boulder beetles
  7 two-headed ogres
  9 death yaks
  An orc high priest (Orc:2)
  A deep elf knight (Elf:1)
  3 skeletal warriors (D:15)
  Lodul (D:13)
  A sea snake (Lair:5)
  3 wizards (D:14)
  A harpy (Lair:5)
  2 deep elf archers (Elf:1)
  5 orc sorcerers
  11 deep elf pyromancers
  2 orc knights
  An oklob plant (Lair:2)
  20 ugly things
  5 deep elf zephyrmancers (Elf:1)
  21 elephants
  A salamander (shapeshifter) (D:13)
  4 cyclopes
  4 manticores
  2 ice statues (IceCv)
  Joseph (D:7)
  3 black mambas
  9 cane toads
  A gargoyle (D:13)
  A torpor snail (Lair:2)
  11 komodo dragons
  An efreet (D:15)
  An unseen horror (D:5)
  5 rime drakes
  4 trolls
  7 polar bears
  A wind drake (Lair:5)
  A blink frog (shapeshifter) (D:14)
  The ghost of MoonlitKnight the Slasher, an amateur MfGl (D:4)
  9 blink frogs
  A snapping turtle (Lair:5)
  4 dream sheep (Lair:3)
  An air elemental (Elf:1)
  A jumping spider (shapeshifter) (D:15)
  Sigmund (D:6)
  26 slime creatures
  A shadow (D:11)
  A vampire (D:12)
  4 wraiths (D:12)
  2 wyverns
  2 fire elementals (Elf:1)
  A human (shapeshifter) (D:14)
  6 basilisks
  49 yaks
  2 redbacks (Lair:2)
  5 steam dragons
  Edmund (D:6)
  A two-headed ogre zombie (D:11)
  A warg (Orc:2)
  Menkaure (D:6)
  An acid dragon (D:10)
  7 water moccasins
  Duvessa (D:7)
  5 great orb of eyes simulacra (IceCv)
  A sky beast (D:8)
  2 ice beasts
  23 orc warriors
  2 black bears
  37 wolves
  13 ogres
  8 centaurs
  4 phantoms
  4 slime creature simulacra (IceCv)
  2 kobold brigands
  5 scorpions
  12 bullfrogs
  2 glowing shapeshifter simulacra (IceCv)
  An earth elemental (Elf:1)
  3 wights (D:10)
  Dowan (D:7)
  A troll zombie (D:11)
  6 killer bees (D:10)
  3 howler monkeys
  A jelly (D:7)
  4 crimson imps (D:7)
  2 lava snakes (D:14)
  2 hounds (D:4)
  Crazy Yiuf (D:4)
  14 orc priests
  4 iguanas
  Ijyb (D:5)
  33 orc wizards
  6 ogre zombies (D:11)
  3 gnolls (D:6)
  5 adders
  4 shadow imps
  A white imp (D:7)
  2 ufetubi
  2 dart slugs
  77 orcs
  3 endoplasms
  A giant cockroach (D:1)
  4 goblins
  4 hobgoblins
  10 jackals
  5 quokkas
  9 ball pythons
  6 bats
  2 frilled lizards
  3 goblin skeletons (D:11)
  3 goblin zombies (D:11)
  3 hobgoblin skeletons (D:11)
  2 hobgoblin zombies (D:11)
  15 kobolds
  2 orc skeletons (D:11)
  12 orc zombies (D:11)
  8 rats
694 creatures vanquished.

Vanquished Creatures (others)
  An orc wizard (Orc:2)
  A bush (Lair:2)
  24 fungi
  45 plants
71 creatures vanquished.

Grand Total: 765 creatures vanquished

Notes
Turn   | Place    | Note
-------+----------+-------------------------------------------
     0 | D:1      | mopl the Demonspawn Fighter began the quest for the Orb.
     0 | D:1      | Reached XP level 1. HP: 18/18 MP: 1/1
   135 | D:1      | Reached skill level 2 in Maces & Flails
   214 | D:1      | Gained mutation: You are partially covered in razor-sharp
                  | scales. (AC +1, Slay +1) [demonic ancestry]
   214 | D:1      | Reached XP level 2. HP: 18/24 MP: 2/2
   272 | D:1      | Found Lamokloe's Weapon Shop.
   538 | D:1      | Gained mutation: You are mostly covered in razor-sharp
                  | scales. (AC +2, Slay +2) [demonic ancestry]
   538 | D:1      | Reached XP level 3. HP: 29/29 MP: 3/3
   580 | D:1      | Reached skill level 3 in Armour
   585 | D:1      | Reached skill level 1 in Dodging
  1136 | D:2      | Found Sies's Armour Emporium.
  1164 | D:2      | Identified the +10 dagger "Suzefrap" {speed, Fragile rN+
                  | Int+2 Dex+3}
  2032 | D:3      | Gained mutation: You are completely covered in razor-sharp
                  | scales. (AC +3, Slay +3) [demonic ancestry]
  2032 | D:3      | Reached XP level 4. HP: 35/35 MP: 4/4
  2040 | D:3      | Reached skill level 3 in Maces & Flails
  2441 | D:3      | Noticed a black bear
  2452 | D:3      | Killed a black bear
  2453 | D:3      | Reached skill level 1 in Throwing
  2453 | D:3      | Gained mutation: You have a pair of small antennae on your
                  | head. [demonic ancestry]
  2453 | D:3      | Reached XP level 5. HP: 31/42 MP: 5/5
  2561 | D:3      | Reached skill level 4 in Fighting
  2561 | D:3      | Reached skill level 2 in Dodging
  2561 | D:3      | Reached XP level 6. HP: 41/48 MP: 6/6
  2606 | D:3      | Found an ancient bone altar of Kikubaaqudgha.
  2607 | D:3      | Found a basalt altar of Yredelemnul.
  2608 | D:3      | Found an iron altar of Okawaru.
  2611 | D:3      | Found a blossoming altar of Fedhas.
  2615 | D:3      | Became a worshipper of Warmaster Okawaru
  2817 | D:4      | Found a runed translucent gate.
  2818 | D:4      | Found a runed translucent gate.
  2819 | D:4      | Found a runed translucent gate.
  2820 | D:4      | Noticed MoonlitKnight's ghost (amateur MfGl)
  2884 | D:4      | Reached skill level 4 in Maces & Flails
  2892 | D:4      | Reached skill level 1 in Invocations
  3039 | D:4      | Reached skill level 2 in Throwing
  3070 | D:4      | Reached XP level 7. HP: 54/54 MP: 8/8
  3098 | D:4      | Found a radiant altar of Vehumet.
  3241 | D:4      | Found a staircase to the Ecumenical Temple.
  3256 | D:4      | Reached * piety under Okawaru
  3257 | D:4      | Reached skill level 2 in Invocations
  3265 | D:4      | Reached skill level 4 in Armour
  3422 | D:4      | Found a runed translucent door.
  3423 | D:4      | Noticed Crazy Yiuf
  3527 | D:4      | You fall into a shaft and drop 2 floors!
  3565 | D:5      | Entered Level 5 of the Dungeon
  3650 | D:5      | Noticed an unseen horror
  3683 | D:5      | Killed an unseen horror
  3683 | D:5      | Reached ** piety under Okawaru
  3684 | D:5      | Reached skill level 5 in Maces & Flails
  3684 | D:5      | Reached skill level 3 in Dodging
  3684 | D:5      | Reached skill level 3 in Invocations
  3684 | D:5      | Reached XP level 8. HP: 21/61 MP: 9/10
  4035 | D:4      | Noticed an angel
  4227 | D:4      | Killed Crazy Yiuf
  4317 | D:5      | Noticed Ijyb
  4322 | D:5      | Killed Ijyb
  4488 | D:6      | Reached skill level 3 in Throwing
  4559 | D:6      | Reached skill level 5 in Fighting
  4559 | D:6      | Reached skill level 1 in Evocations
  4568 | D:6      | Reached skill level 4 in Invocations
  4572 | D:6      | Noticed Sigmund
  4577 | D:6      | Killed Sigmund
  4666 | D:6      | Noticed Menkaure
  4671 | D:6      | Killed Menkaure
  4672 | D:6      | Reached skill level 6 in Maces & Flails
  4848 | D:5      | Reached skill level 5 in Armour
  4848 | D:5      | Reached XP level 9. HP: 64/68 MP: 12/12
  4869 | D:6      | Reached *** piety under Okawaru
  4947 | D:6      | Reached skill level 2 in Evocations
  5114 | D:6      | Noticed Edmund
  5124 | D:6      | Killed Edmund
  5125 | D:6      | Reached skill level 4 in Dodging
  5454 | D:7      | Reached skill level 5 in Invocations
  5595 | D:7      | Reached skill level 4 in Throwing
  5757 | D:2      | Bought the +0 pair of gloves of the Eleven Curses {rF+ rC+
                  | rN+} for 326 gold pieces
  5902 | D:7      | Noticed Joseph
  5929 | D:7      | Killed Joseph
  5930 | D:7      | Reached skill level 7 in Maces & Flails
  5930 | D:7      | Reached skill level 3 in Evocations
  6011 | D:7      | Noticed Dowan
  6011 | D:7      | Noticed Duvessa
  6038 | D:7      | Killed Duvessa
  6042 | D:7      | Killed Dowan
  6190 | D:7      | Found a shimmering altar of Xom.
  6200 | D:7      | Reached skill level 6 in Fighting
  6205 | D:7      | Reached **** piety under Okawaru
  6555 | D:8      | Found Duig's Magic Scroll Shoppe.
  6573 | D:8      | Gained mutation: You have a pair of antennae on your head.
                  | [demonic ancestry]
  6573 | D:8      | Reached XP level 10. HP: 71/76 MP: 14/14
  6725 | D:8      | Noticed Erica
  6735 | D:8      | Killed Erica
  6736 | D:8      | Reached skill level 6 in Invocations
  6985 | D:8      | Received a gift from Okawaru
  6986 | D:8      | Reached skill level 5 in Dodging
  7077 | D:8      | Reached skill level 6 in Armour
  7082 | D:8      | Reached skill level 4 in Evocations
  7322 | D:9      | Reached skill level 8 in Maces & Flails
  7322 | D:9      | Reached skill level 5 in Throwing
  7385 | D:9      | Reached ***** piety under Okawaru
  7526 | D:9      | Reached skill level 7 in Invocations
  7627 | D:9      | Found a sparkling altar of Nemelex Xobeh.
  7947 | D:9      | Found a staircase to the Lair.
  7959 | D:9      | Reached XP level 11. HP: 76/83 MP: 16/16
  7985 | D:8      | Bought a scroll of magic mapping for 105 gold pieces
  7985 | D:8      | Bought a scroll of identify for 28 gold pieces
  8000 | D:10     | Entered Level 10 of the Dungeon
  8112 | D:10     | Received a gift from Okawaru
  8237 | D:10     | Reached skill level 7 in Fighting
  8301 | D:10     | Noticed a two-headed ogre
  8303 | D:10     | Noticed a two-headed ogre
  8327 | D:10     | Killed a two-headed ogre
  8334 | D:10     | Reached skill level 5 in Evocations
  8342 | D:10     | Killed a two-headed ogre
  8404 | D:10     | Noticed a two-headed ogre
  8420 | D:10     | Killed a two-headed ogre
  8420 | D:10     | Received a gift from Okawaru
  8695 | D:10     | Found a hazy altar of Hepliaklqana.
  8695 | D:10     | Found a stormy altar of Qazlal.
  8822 | D:11     | Noticed a boulder beetle
  8823 | D:11     | Noticed a brown ugly thing
  8823 | D:11     | Noticed an orc knight
  8824 | D:11     | Found a transporter.
  8825 | D:11     | Noticed a white ugly thing
  8835 | D:11     | Found a transporter.
  8870 | D:11     | Reached skill level 9 in Maces & Flails
  8946 | D:11     | Found a staircase to the Orcish Mines.
  8962 | D:11     | Noticed a two-headed ogre
  9008 | D:11     | Killed a two-headed ogre
  9009 | D:11     | Reached skill level 6 in Dodging
  9009 | D:11     | Reached skill level 8 in Invocations
  9135 | D:11     | Noticed a fire dragon
  9149 | D:11     | Found a transporter.
  9151 | D:11     | Found a transporter.
  9159 | D:11     | Noticed a two-headed ogre
  9171 | D:11     | Killed a two-headed ogre
  9172 | D:11     | Reached skill level 6 in Throwing
  9199 | D:11     | Noticed a boulder beetle
  9201 | D:11     | Noticed a boulder beetle
  9218 | D:11     | Killed a boulder beetle
  9219 | D:11     | Reached skill level 7 in Armour
  9219 | D:11     | Noticed a four-headed hydra
  9221 | D:11     | Found a transporter.
  9477 | D:8      | Bought a scroll of fear for 56 gold pieces
  9477 | D:8      | Bought a scroll of butterflies for 56 gold pieces
  9477 | D:8      | Bought a scroll of poison for 56 gold pieces
  9477 | D:8      | Bought a scroll of identify for 28 gold pieces
  9505 | Lair:1   | Entered Level 1 of the Lair of Beasts
  9682 | Lair:1   | Identified the -1 pair of gloves of Ziemmiof {Str+3}
                  | (Okawaru gifted it to you on level 1 of the Lair of Beasts)
  9682 | Lair:1   | Received a gift from Okawaru
  9973 | Lair:1   | Reached XP level 12. HP: 43/92 MP: 13/18
 10121 | Lair:1   | Reached skill level 6 in Evocations
 10473 | D:8      | Bought a scroll of identify for 28 gold pieces
 10588 | Lair:2   | Reached skill level 10 in Maces & Flails
 10777 | Lair:2   | Found a hole to the Spider Nest.
 10834 | Lair:2   | Reached skill level 8 in Fighting
 10840 | Lair:2   | Reached skill level 9 in Invocations
 11104 | Lair:2   | Received a gift from Okawaru
 11162 | Lair:2   | Reached skill level 7 in Dodging
 11260 | Lair:2   | Received a gift from Okawaru
 11268 | Lair:2   | Noticed a death yak
 11280 | Lair:2   | Reached skill level 7 in Throwing
 11309 | Lair:2   | Killed a death yak
 11851 | Lair:2   | Reached skill level 8 in Armour
 11964 | Lair:3   | Noticed a death yak
 11964 | Lair:3   | Noticed a death yak
 11964 | Lair:3   | Noticed a death yak
 11973 | Lair:2   | Killed a death yak
 11974 | Lair:2   | Reached skill level 7 in Evocations
 11979 | Lair:2   | Killed a death yak
 11979 | Lair:2   | Received a gift from Okawaru
 11980 | Lair:2   | Gained mutation: You have a pair of large antennae on your
                  | head. (SInv) [demonic ancestry]
 11980 | Lair:2   | Reached XP level 13. HP: 62/99 MP: 15/20
 12147 | Lair:3   | Found a staircase to the Shoals.
 12200 | Lair:3   | Reached skill level 10 in Invocations
 12205 | Lair:3   | Reached skill level 11 in Maces & Flails
 12286 | Lair:3   | Received a gift from Okawaru
 12483 | Lair:3   | Found a shimmering altar of Xom.
 12612 | Lair:3   | Reached ****** piety under Okawaru
 12612 | Lair:3   | Received a gift from Okawaru
 13446 | Lair:4   | Reached skill level 9 in Fighting
 13713 | Lair:4   | Found a staircase to the Slime Pits.
 13713 | Lair:4   | Found a viscous altar of Jiyva.
 13839 | Lair:4   | Found a runed translucent door.
 13844 | Lair:4   | Noticed Qaykhlob's ghost (journeyman FoFi)
 13903 | Lair:4   | Identified the +9 bardiche of Prudence {heavy, rElec rC+
                  | rN+} (Okawaru gifted it to you on level 4 of the Lair of
                  | Beasts)
 13903 | Lair:4   | Received a gift from Okawaru
 14193 | Lair:4   | Noticed Snorg
 14207 | Lair:4   | Killed Snorg
 14548 | Lair:5   | Entered Level 5 of the Lair of Beasts
 14557 | Lair:5   | Reached skill level 8 in Dodging
 14588 | Lair:5   | Noticed a dire elephant
 14605 | Lair:5   | Killed a dire elephant
 14763 | Lair:5   | Reached skill level 8 in Throwing
 14896 | Lair:5   | Reached skill level 8 in Evocations
 14931 | Lair:5   | Reached skill level 11 in Invocations
 14968 | Lair:5   | Identified the +0 crystal plate armour of the Endless
                  | Expanse {+Inv Slay+6} (Okawaru gifted it to you on level 5
                  | of the Lair of Beasts)
 14968 | Lair:5   | Received a gift from Okawaru
 14969 | Lair:5   | Reached skill level 12 in Maces & Flails
 14969 | Lair:5   | Gained mutation: Spells you cast may paralyse adjacent
                  | enemies. [demonic ancestry]
 14969 | Lair:5   | Reached XP level 14. HP: 86/108 MP: 22/22
 15163 | Lair:5   | Reached skill level 9 in Armour
 15969 | Lair:5   | Identified a scroll of acquirement
 15970 | Lair:5   | Acquired the +6 eveningstar of Qeoref {heavy, rCorr}
 16460 | D:4      | Killed MoonlitKnight's ghost
 16715 | D:12     | Noticed Josephine
 16726 | D:12     | Killed Josephine
 16731 | D:12     | Noticed Nessos
 16738 | D:12     | Killed Nessos
 16738 | D:12     | Received a gift from Okawaru
 16822 | D:12     | Reached skill level 10 in Fighting
 16956 | D:12     | Received a gift from Okawaru
 16960 | D:12     | Found a frozen archway.
 16978 | IceCv    | Entered an ice cave
 17215 | IceCv    | Noticed a quicksilver ooze
 17219 | IceCv    | Killed a quicksilver ooze
 17222 | IceCv    | Noticed a quicksilver ooze
 17229 | IceCv    | Killed a quicksilver ooze
 17368 | IceCv    | Found a viscous altar of Jiyva.
 17368 | IceCv    | Noticed an azure jelly
 17376 | IceCv    | Killed an azure jelly
 17397 | IceCv    | Identified the +1 leather armour "Ziuts" {rN+}
 17528 | IceCv    | Identified the amulet "Qeamonk" {RegenMP Will+}
 17767 | D:12     | Reached skill level 12 in Invocations
 17923 | D:12     | Found a portal to a secret trove of treasure.
 17977 | Orc:1    | Entered Level 1 of the Orcish Mines
 18005 | Orc:1    | Found Ahiazu's Distillery.
 18037 | Orc:1    | Bought a potion of attraction for 42 gold pieces
 18037 | Orc:1    | Bought a potion of invisibility for 112 gold pieces
 18242 | Orc:2    | Entered Level 2 of the Orcish Mines
 18339 | Orc:2    | Found Miamp's Gadget Gallery.
 18373 | Orc:1    | Reached skill level 9 in Evocations
 18751 | Orc:1    | Reached skill level 13 in Maces & Flails
 18825 | Orc:1    | Reached skill level 9 in Dodging
 19274 | Orc:2    | Found Amuinidwao's Armour Shop.
 19274 | Orc:2    | Found Jucasy's Distillery.
 19275 | Orc:2    | Found Mocrug's Magic Scroll Boutique.
 19279 | Orc:2    | Found Arashraorr's Magic Scroll Shop.
 19306 | Orc:2    | Bought a scroll of teleportation for 30 gold pieces
 19307 | Orc:2    | Bought a scroll of vulnerability for 40 gold pieces
 19307 | Orc:2    | Bought a scroll of fog for 40 gold pieces
 19307 | Orc:2    | Bought a scroll of teleportation for 30 gold pieces
 19309 | Orc:2    | Bought a potion of curing for 39 gold pieces
 19309 | Orc:2    | Bought a potion of heal wounds for 65 gold pieces
 19309 | Orc:2    | Bought a potion of curing for 39 gold pieces
 19330 | Orc:2    | Reached XP level 15. HP: 116/116 MP: 24/24
 19462 | Orc:2    | Found a staircase to the Elven Halls.
 19477 | Orc:2    | Received a gift from Okawaru
 19649 | Orc:2    | Upgraded the game from 0.30-a0-743-gbfdf073431 to
                  | 0.30-a0-748-ge6a52f7cba
 19701 | D:13     | Found a gate to the Vaults.
 19719 | D:13     | Noticed Lodul
 19726 | D:13     | Killed Lodul
 19751 | D:13     | Reached skill level 9 in Throwing
 20091 | D:13     | Acquired the ring of Elyvilon's Hope {Fly rCorr Slay+3}
 20409 | D:14     | Found a broken altar of Ashenzari.
 20791 | D:15     | Entered Level 15 of the Dungeon
 21824 | D:15     | Reached skill level 10 in Armour
 22134 | D:15     | Found a staircase to the Depths.
 22792 | Elf:1    | Entered Level 1 of the Elven Halls
 23084 | Elf:1    | Received a gift from Okawaru
 23287 | Elf:1    | Reached skill level 13 in Invocations
 23295 | Elf:1    | Learned a level 2 spell: Wereblood
 23462 | Elf:1    | Reached skill level 3 in Shields
 23483 | Elf:1    | Received a gift from Okawaru
 23493 | Elf:1    | Reached skill level 11 in Fighting
 23750 | Elf:1    | Killed from afar by a deep elf zephyrmancer

Illustrated notes

Levels and vault maps discovered:
D:1:      dpeg_arrival_brainrot, layout_loops_corners, serial_shops, shop,
          serial_glass, glass_columns_c, glass_columns_a, minivault_23,
          st_stairs_2
D:2:      layout_basic, serial_shops, nicolae_diamond_shop, grunt_ministairs_3,
          kennysheep_generic_room_4
D:3:      layout_basic, elyvilon_altar_1,
          mainiacjoe_overflow_concentric_impassable, minitemple, serial_forest,
          infiniplex_forest_straight_4, infiniplex_forest_end_3,
          infiniplex_forest_clump_small, infiniplex_forest_lined_ring,
          infiniplex_forest_straight_1, infiniplex_forest_clump_double,
          minmay_misc_feat_square
D:4:      layout_basic, zin_angel, mainiacjoe_overflow_24_doors,
          minmay_temple_entry_sparse_star, ebering_ghost_rock_garden,
          minmay_misc_feat_enclosed, uniq_crazy_yiuf_cottage
D:5:      layout_rooms, uniq_ijyb
D:6:      layout_basic, uniq_menkaure, uniq_edmund, uniq_sigmund
D:7:      layout_basic, led_xom_imps, st_stairs_7, uniq_duvessa, uniq_joseph
D:8:      layout_loops_ring, serial_shops, nicolae_stop_n_shop_2,
          solitary_fountain, uniq_erica
D:9:      layout_loops_ring, nemelex_diamond_rough_becter,
          grunt_lair_entry_orc_guard_hut
D:10:     layout_long_grid, amethyst_overflow_temple_binary,
          minmay_misc_feat_diagonals
D:11:     gammafunk_the_bubble [the_bubble_gammafunk_roulette],
          layout_cave_pools, zombieorc2_lemuel
D:12:     nicolae_cairo_tiling, layout_long_grid, portal_ice_cave_rime,
          nicolae_trove_entry_columns, uniq_josephine, uniq_nessos
D:13:     layout_big_octagon, uniq_lodul
D:14:     layout_roguey, ashenzari_altar_1, kennysheep_cross_bottleneck,
          minmay_misc_feat_iff
D:15:     grunt_enter_depths_hoard, layout_gridville, minmay_misc_feat_pillars
Lair:1:   layout_gridlike, beast_lair_carwin_4, grunt_megastairs_3
Lair:2:   layout_small_grid, spider_nest_entry_webs, minmay_lair_oklob_items
Lair:3:   layout_small_grid, shoals_dummy_entry, basic_altar
Lair:4:   layout_long_grid, slime_entry_1, hellmonk_ghost_happy_afterlife,
          uniq_snorg
Lair:5:   gammafunk_lair_ancient_temple, layout_cave_pods,
          chequers_serial_rivers_room_a
Orc:1:    layout_diamond_mine, serial_shops, shop, nicolae_orc_rockfall
Orc:2:    st_orc_mages, layout_caves, nicolae_shop_gadgets
Elf:1:    elf_arrival_001, layout_onion_city, minmay_elf_sorcery,
          minmay_curled_crystal

Skill      XL: |  1  2  3  4  5  6  7  8  9 10 11 12 13 14 15 |
---------------+----------------------------------------------+-----
Maces & Flails | 2 3 4 5 6 7 8 9 10 12 13 | 13.9
Armour         | 3 4 5 6 7 8 9 10 | 10.2
Dodging        | 1 2 3 4 5 6 7 8 9 |  9.7
Throwing       | 1 2 3 4 5 6 7 8 9 |  9.5
Fighting       | 4 5 6 7 8 9 10 11 | 11.0
Invocations    | 1 3 4 5 7 8 9 11 12 13 | 13.1
Evocations     | 1 3 4 5 7 8 9 |  9.8
Shields        | 3 |  3.1
Transmutations | |  0.9

Action                     |  1- 3 |  4- 6 |  7- 9 | 10-12 | 13-15 || total
---------------------------+-------+-------+-------+-------+-------++-------
  Melee: Flail             |   116 |    97 |    85 |       |       ||   298
         Mace              |       |       |    31 |       |       ||    31
         Whip              |       |       |   180 |   769 |       ||   949
         Morningstar       |       |       |       |    38 |   466 ||   504
         Eveningstar       |       |       |       |       |   538 ||   538
  Throw: Dart              |       |     2 |       |    13 |    17 ||    32
         Boomerang         |       |       |       |       |     8 ||     8
 Invoke: Heroism           |       |       |     5 |    13 |    23 ||    41
         Finesse           |       |       |       |     2 |       ||     2
  Evoke: Wand              |       |       |       |     1 |       ||     1
    Use: Scroll            |       |       |     8 |     7 |    11 ||    26
 Armour: Scale mail        |    51 |       |       |       |       ||    51
         Plate armour      |    22 |   120 |   206 |   341 |   260 ||   949
         Crystal plate arm |       |       |       |       |   635 ||   635
  Dodge: Dodged            |    63 |    50 |   114 |   257 |   459 ||   943
  Block: Buckler           |    26 |    15 |       |       |       ||    41
         Tower shield      |       |       |       |       |    58 ||    58

Table legend: (Time is in decaauts)
 A = Elapsed time spent in this place.
 B = Non-inter-level travel time spent in this place.
 C = Inter-level travel time spent in this place.
 D = Time resting spent in this place.
 E = Time spent auto-exploring this place.
 F = Levels seen in this place.
 G = Mean time per level.
                   A        B        C        D        E       F      G
               +--------+--------+--------+--------+--------+-----+--------+
         Total |  23551 |  21758 |   1793 |   4818 |  11794 |  24 |  981.3 |
       Dungeon |  13574 |  12140 |   1434 |   1674 |   7835 |  15 |  904.9 |
          Lair |   6562 |   6340 |    222 |   1713 |   3132 |   5 | 1312.4 |
  Orcish Mines |   2052 |   1917 |    135 |    891 |    601 |   2 | 1026.0 |
   Elven Halls |    743 |    743 |      0 |    304 |    103 |   1 |  743.0 |
      Ice Cave |    617 |    617 |      0 |    236 |    123 |   1 |  617.0 |
               +--------+--------+--------+--------+--------+-----+--------+

Top non-repeatable levels by time:
  Lair:4: 1570 daAuts
  Lair:2: 1467 daAuts
  Lair:5: 1409 daAuts
     D:4: 1291 daAuts
    D:14: 1210 daAuts
    D:15: 1154 daAuts
  Lair:3: 1149 daAuts
     D:1: 1119 daAuts
   Orc:1: 1085 daAuts
     D:7: 978 daAuts
   Orc:2: 967 daAuts
  Lair:1: 966 daAuts
     D:9: 957 daAuts
     D:2: 947 daAuts
     D:6: 927 daAuts
